 Dungeon Sprint DCSS version 0.30.0-18-gc0e69614cb (webtiles) character file.

Game seed: 14892059894393438976

5100000 Groucho the Intangible (level 21, -34/142 HPs)
             Began as a Spriggan Warper on May 23, 2023.
             Was the Champion of Makhleb.
             Annihilated by a large bag of meat
             ... wielding a +9 giant spiked club
              (110 damage)
             ... in the Dungeon (Sprint VIII: "Arena of Blood").
             The game lasted 00:02:35 (51 turns).

Groucho the Intangible (Spriggan Warper)              Turns: 51, Time: 00:02:35

Health: -34/142    AC:  4    Str:  7    XL:     21   Next: 8%
Magic:  26/53      EV: 49    Int: 15    God:    Makhleb [******]
Gold:   0          SH:  0    Dex: 25    Spells: 74/74 levels left

rFire   . . .        j - +∞ Axe of Woe
rCold   . . .        (shield currently unavailable)
rNeg    . . .        b - +0 robe
rPois   .            (helmet restricted)
rElec   .            (no cloak)
rCorr   .            (gloves unavailable)
SInv    +            (boots unavailable)
Will    +++..        (no amulet)
Stlth   ++++++++++   (no ring)
HPRegen 0.43/turn    (no ring)
MPRegen 0.33/turn

%: no teleportation
@: very quick
A: very small, no large weapons, unfitting armour, see invisible, speed 3
a: Renounce Religion, Minor Destruction, Lesser Servant of Makhleb, Major
Destruction, Greater Servant of Makhleb


You were in the Dungeon.
You worshipped Makhleb.
Makhleb was exalted by your worship.
You visited 1 branch

Inventory:

Hand Weapons
 a - a +0 hand axe
 j - the +∞ Axe of Woe (weapon)
   (You found it in the Dungeon)
Missiles
 d - 7 boomerangs of dispersal (quivered)
Armour
 b - a +0 robe (worn)
Jewellery
 k - a ring of see invisible
Scrolls
 c - 2 scrolls of blinking
Potions
 e - a potion of curing
 f - a potion of heal wounds
 g - a potion of haste
 h - 2 potions of magic
 i - a potion of berserk rage


   Skills:
 O Level 27 Fighting
 O Level 27 Axes
 - Level 1.0 Throwing
 O Level 27 Armour
 O Level 27 Dodging
 O Level 27 Stealth
 O Level 27 Spellcasting
 + Level 9.3 Conjurations
 + Level 14.1 Hexes
 + Level 10.1 Summonings
 + Level 11.0 Necromancy
 O Level 27 Translocations
 + Level 15.3 Transmutations
 + Level 10.1 Fire Magic
 + Level 10.1 Ice Magic
 + Level 11.0 Air Magic
 + Level 11.0 Earth Magic
 + Level 12.0 Poison Magic
 O Level 27 Invocations


You had 74 spell levels left.
You didn't know any spells.
Your spell library contained the following spells:

 Spells                   Type           Power      Damage    Failure   Level
 Blink                    Tloc           100%       N/A       0%          2
 Lesser Beckoning         Tloc           100%       N/A       0%          2
 Teleport Other           Tloc           79%        N/A       0%          3
 Vhi's Electric Charge    Tloc/Air       100%       N/A       0%          3
 Manifold Assault         Tloc           79%        N/A       0%          4


Dungeon Overview and Level Annotations

Branches:
Dungeon (1/1)

Altars:
Makhleb


Innate Abilities, Weirdness & Mutations

You are very small and have problems with some larger weapons.
You are too small for most types of armour.
You have supernaturally acute eyesight. (SInv)
You cover ground extremely quickly. (Speed+++)


Message History

You hear a shout! x3
The large bag of meat is engulfed in blazing flames.
The destroyer casts a spell at you.
The destroyer blinks!
You hear a shout! x7
Your Hexes skill increases to level 14!
Your Summonings skill increases to level 10!
Your Necromancy skill increases to level 11!
Your Transmutations skill increases to level 15!
Your Fire Magic skill increases to level 10!
Your Ice Magic skill increases to level 10!
Your Air Magic skill increases to level 11!
Your Earth Magic skill increases to level 11!
Your Poison Magic skill increases to level 12!
Unknown command.
Unknown command.
Unknown command.
You hear a shout!
The destroyer gestures at you while chanting.
The destroyer blinks!
You hear a shout! x4
Unknown command.
Unknown command.
Unknown command.
You hear a shout! x7
You see here a ring of see invisible.
k - a ring of see invisible You hear a shout! x2
The destroyer points at you and mumbles some strange words.
The destroyer blinks!
You hear a shout!
The eight-headed meat hydra is engulfed in blazing flames.
You hear a shout! x3
The destroyer gestures at you while chanting.
The destroyer blinks!
You hear a shout! x5
You hear a shout!
The large bag of meat hits you with a +9 giant spiked club!!!!
Ouch! That really hurt!
You die...

.......☼))).....#
........)))...##.
....#...°☼).§#...
........)§§)§#...
...##.#..)§§D....
.................
##....#))§§.####
........O)V...#.
........@)......
#...............
################


You could see an eight-headed meat hydra, a destroyer and a large bag of meat
(inner flame).

Vanquished Creatures
  2 vampire knights (D)
  10 ogres (D)
  5 two-headed ogres (D)
  30 orcs (D)
  3 skeletal warriors (D)
50 creatures vanquished.

Vanquished Creatures (others)
  A two-headed ogre (D)
1 creature vanquished.

Grand Total: 51 creatures vanquished

Notes
Turn   | Place    | Note
-------+----------+-------------------------------------------
     0 | D        | Found the +∞ Axe of Woe
     0 | D        | Groucho the Spriggan Warper began the quest for the Orb.
     0 | D        | Reached XP level 1. HP: 10/10 MP: 5/5
     0 | D        | Noticed a bag of meat
     2 | D        | Noticed a bag of meat
     4 | D        | Became a worshipper of Makhleb the Destroyer
     5 | D        | Noticed a bag of meat
     7 | D        | Noticed a bag of meat
     7 | D        | Noticed a meat berserker
     7 | D        | Noticed a bag of meat
     7 | D        | Noticed a bag of meat
     8 | D        | Noticed a bag of meat
     9 | D        | Noticed a bag of meat
    10 | D        | Noticed a bag of meat
    10 | D        | Noticed a bag of meat
    10 | D        | Noticed a bag of meat
    10 | D        | Noticed a bag of meat
    10 | D        | Noticed a bag of meat
    10 | D        | Noticed a bag of meat
    10 | D        | Noticed a bag of meat
    11 | D        | Noticed a bag of meat
    11 | D        | Noticed a bag of meat
    11 | D        | Noticed a meat berserker
    12 | D        | Noticed a meat berserker
    12 | D        | Noticed a meat berserker
    12 | D        | Noticed a bag of meat
    13 | D        | Noticed a bag of meat
    13 | D        | Noticed a bag of meat
    13 | D        | Noticed a bag of meat
    14 | D        | Killed a bag of meat
    14 | D        | Noticed a large bag of meat
    14 | D        | Noticed a bag of meat
    15 | D        | Reached skill level 15 in Axes
    15 | D        | Reached XP level 2. HP: 25/25 MP: 6/6
    15 | D        | Reached XP level 3. HP: 30/30 MP: 8/8
    15 | D        | Reached XP level 4. HP: 35/35 MP: 9/9
    15 | D        | Reached XP level 5. HP: 39/39 MP: 10/10
    15 | D        | Reached XP level 6. HP: 43/43 MP: 11/11
    15 | D        | Reached XP level 7. HP: 47/47 MP: 12/12
    15 | D        | Reached XP level 8. HP: 52/52 MP: 13/13
    15 | D        | Reached XP level 9. HP: 56/56 MP: 14/14
    15 | D        | Reached XP level 10. HP: 61/61 MP: 15/15
    15 | D        | Killed a bag of meat
    15 | D        | Reached * piety under Makhleb
    15 | D        | Killed a bag of meat
    15 | D        | Killed a bag of meat
    15 | D        | Killed a bag of meat
    15 | D        | Reached ** piety under Makhleb
    15 | D        | Killed a bag of meat
    16 | D        | Reached XP level 11. HP: 73/73 MP: 16/16
    16 | D        | Reached XP level 12. HP: 79/79 MP: 17/17
    16 | D        | Reached XP level 13. HP: 83/83 MP: 18/18
    16 | D        | Killed a meat berserker
    16 | D        | Killed a bag of meat
    16 | D        | Reached *** piety under Makhleb
    17 | D        | Reached XP level 14. HP: 91/91 MP: 19/19
    17 | D        | Killed a bag of meat
    17 | D        | Killed a bag of meat
    17 | D        | Killed a bag of meat
    17 | D        | Reached **** piety under Makhleb
    17 | D        | Killed a meat berserker
    17 | D        | Killed a meat berserker
    17 | D        | Killed a bag of meat
    17 | D        | Killed a bag of meat
    17 | D        | Reached ***** piety under Makhleb
    18 | D        | Reached skill level 27 in Fighting
    18 | D        | Reached skill level 27 in Axes
    18 | D        | Reached skill level 27 in Dodging
    18 | D        | Reached XP level 15. HP: 111/111 MP: 19/25
    18 | D        | Reached XP level 16. HP: 116/116 MP: 19/26
    18 | D        | Killed a meat berserker
    18 | D        | Noticed a meat berserker
    20 | D        | Noticed a large bag of meat
    20 | D        | Noticed a meat berserker
    21 | D        | Reached XP level 17. HP: 121/121 MP: 19/39
    21 | D        | Noticed a large bag of meat
    21 | D        | Noticed a large bag of meat
    21 | D        | Noticed a meat berserker
    22 | D        | Reached ****** piety under Makhleb
    22 | D        | Noticed a meat berserker
    22 | D        | Noticed a meat berserker
    25 | D        | Killed a large bag of meat
    26 | D        | Reached skill level 15 in Armour
    26 | D        | Reached XP level 18. HP: 84/127 MP: 20/45
    26 | D        | Killed a meat berserker
    26 | D        | Noticed a large bag of meat
    27 | D        | Reached skill level 27 in Translocations
    27 | D        | Noticed a destroyer
    28 | D        | Noticed a destroyer
    28 | D        | Noticed a meat berserker
    29 | D        | Killed a meat berserker
    29 | D        | Noticed a large bag of meat
    30 | D        | Reached skill level 27 in Spellcasting
    30 | D        | Noticed an eight-headed meat hydra
    30 | D        | Killed a meat berserker
    30 | D        | Killed a meat berserker
    30 | D        | Killed a meat berserker
    30 | D        | Killed a large bag of meat
    31 | D        | Reached skill level 27 in Armour
    31 | D        | Reached skill level 27 in Invocations
    31 | D        | Reached XP level 19. HP: 118/132 MP: 21/51
    31 | D        | Killed a large bag of meat
    31 | D        | Killed a large bag of meat
    32 | D        | Reached skill level 27 in Stealth
    32 | D        | Reached skill level 5 in Hexes
    32 | D        | Reached skill level 5 in Transmutations
    32 | D        | Reached XP level 20. HP: 35/137 MP: 21/52
    35 | D        | Killed a meat berserker
    36 | D        | Reached skill level 5 in Necromancy
    36 | D        | Reached skill level 5 in Fire Magic
    36 | D        | Reached skill level 5 in Air Magic
    36 | D        | Reached skill level 5 in Earth Magic
    36 | D        | Killed a large bag of meat
    37 | D        | Reached skill level 5 in Conjurations
    37 | D        | Reached skill level 5 in Summonings
    37 | D        | Reached skill level 5 in Ice Magic
    37 | D        | Killed a destroyer
    38 | D        | Reached skill level 10 in Hexes
    38 | D        | Noticed a large bag of meat
    40 | D        | Noticed a destroyer
    43 | D        | Killed a large bag of meat
    45 | D        | Reached skill level 10 in Poison Magic
    45 | D        | Killed a destroyer
    46 | D        | Reached skill level 10 in Necromancy
    46 | D        | Reached skill level 10 in Air Magic
    46 | D        | Reached skill level 10 in Earth Magic
    46 | D        | Reached XP level 21. HP: 55/142 MP: 24/53
    47 | D        | Reached skill level 10 in Summonings
    47 | D        | Reached skill level 15 in Transmutations
    47 | D        | Reached skill level 10 in Fire Magic
    47 | D        | Reached skill level 10 in Ice Magic
    51 | D        | Annihilated by a large bag of meat

Illustrated notes

Levels and vault maps discovered:
D:        meatsprint

Skill      XL: |  1  2  3  4  5  6  7  8  9 10 11 12 13 14 15 16 17 18 19 20 21 |
---------------+----------------------------------------------------------------+-----
Fighting       | 11 16 18 27 | 27.0
Axes           | 15 22 24 27 | 27.0
Dodging        | 17 24 26 27 | 27.0
Armour         | 3 11 15 27 | 27.0
Spellcasting   | 6 17 22 27 | 27.0
Translocations | 8 20 26 27 | 27.0
Invocations    | 4 14 19 27 | 27.0
Stealth        | 17 27 | 27.0
Conjurations   | 3 9 |  9.3
Hexes          | 5 13 14 | 14.1
Summonings     | 3 9 10 | 10.1
Necromancy     | 4 10 11 | 11.0
Transmutations | 5 14 15 | 15.3
Fire Magic     | 3 9 10 | 10.1
Ice Magic      | 3 9 10 | 10.1
Air Magic      | 3 10 11 | 11.0
Earth Magic    | 3 10 11 | 11.0
Poison Magic   | 4 11 12 | 12.0
Throwing       | |  1.0

Action                     |  1- 3 |  4- 6 |  7- 9 | 10-12 | 13-15 | 16-18 | 19-21 || total
---------------------------+-------+-------+-------+-------+-------+-------+-------++-------
  Melee: Broad axe         |     1 |       |       |     1 |     2 |    10 |    10 ||    24
